TOP OF THE 1ST |
Columbia 08s batting - Pitching for Wisconsin Rapids Rangers : RHP Don Briggs
|
Pitching: RHP Don Briggs
|
|
Batting: RHB Irving Galloway
|
0-0: Called Strike 0-1: Ball 1-1: Foul Ball, location: 2F 1-2: Foul Ball, location: 2F 1-2: Ball 2-2: Fly out, F9 (Flyball, 9LM)
|
Batting: RHB Ramiro Chávez
|
0-0: Ball 1-0: Called Strike 1-1: Ball 2-1: Foul Ball, location: 2F 2-2: Foul Ball, location: 2F 2-2: Ball 3-2: Foul Ball, location: 2F 3-2: Base on Balls
|
Batting: RHB António Cruz
|
0-0: Ball 1-0: Swinging Strike 1-1: Swinging Strike 1-2: Strikes out swinging
|
Batting: LHB Colm Massey
|
0-0: Ball 1-0: Ball 2-0: Foul Ball, location: 2F 2-1: Foul Ball, location: 2F 2-2: Foul Ball, location: 2F 2-2: Foul Ball, location: 2F 2-2: Strikes out swinging
|
Top of the 1st over - 0 run(s), 0 hit(s), 0 error(s), 1 left on base; Columbia 0 - Wisconsin Rapids 0 |
BOTTOM OF THE 1ST |
Wisconsin Rapids Rangers batting - Pitching for Columbia 08s : RHP Tim Hill
|
Pitching: RHP Tim Hill
|
|
Batting: RHB Troy Reed
|
0-0: Called Strike 0-1: Foul Ball, location: 2F 0-2: Ground out 4-3 (Groundball, 4)
|
Batting: LHB Alex Henderson
|
0-0: Called Strike 0-1: Foul Ball, location: 2F 0-2: Ball 1-2: Ball 2-2: Ball 3-2: Ground out 4-3 (Groundball, 4S)
|
Batting: SHB José López
|
0-0: Ball 1-0: Called Strike 1-1: Ground out 6-3 (Groundball, 6M)
|
Bottom of the 1st over - 0 run(s), 0 hit(s), 0 error(s), 0 left on base; Columbia 0 - Wisconsin Rapids 0 |
TOP OF THE 2ND |
Columbia 08s batting - Pitching for Wisconsin Rapids Rangers : RHP Don Briggs
|
Batting: RHB Martín Pérez
|
0-0: Foul Ball, location: 2F 0-1: Foul Ball, location: 2F 0-2: Ball 1-2: Strikes out swinging
|
Batting: LHB Daniel Carter
|
0-0: Called Strike 0-1: Foul Ball, location: 2F 0-2: Strikes out swinging
|
Batting: RHB Pat Fernández
|
0-0: Swinging Strike 0-1: Fly out, F8 (Flyball, 8RS)
|
Top of the 2nd over - 0 run(s), 0 hit(s), 0 error(s), 0 left on base; Columbia 0 - Wisconsin Rapids 0 |
BOTTOM OF THE 2ND |
Wisconsin Rapids Rangers batting - Pitching for Columbia 08s : RHP Tim Hill
|
Batting: RHB Danny Campbell
|
0-0: Fly out, F9 (Flyball, 89M)
|
Batting: RHB John Denton
|
0-0: Called Strike 0-1: Ball 1-1: Foul Ball, location: 2F 1-2: Ball 2-2: Foul Ball, location: 2F 2-2: Ball 3-2: Foul Ball, location: 2F 3-2: Fly out, F8 (Flyball, 8LM)
|
Batting: RHB Dick Slagboom
|
0-0: Ball 1-0: Ball 2-0: Fly out, F9 (Flyball, 89S)
|
Bottom of the 2nd over - 0 run(s), 0 hit(s), 0 error(s), 0 left on base; Columbia 0 - Wisconsin Rapids 0 |
TOP OF THE 3RD |
Columbia 08s batting - Pitching for Wisconsin Rapids Rangers : RHP Don Briggs
|
Batting: SHB William Hamilton
|
0-0: Swinging Strike 0-1: Swinging Strike 0-2: Foul Ball, location: 2F 0-2: Foul Ball, location: 2F 0-2: Ball 1-2: Ball Reached via error on a dropped throw, E3
|
Batting: RHB José Orozco
|
0-0: Called Strike 0-1: Foul Ball, location: 2F 0-2: Strikes out swinging
|
Batting: RHB Irving Galloway
|
0-0: DOUBLE (Line Drive, 3) William Hamilton to third
|
Batting: RHB Ramiro Chávez
|
0-0: Called Strike 0-1: Ball 1-1: Foul Ball, location: 2F 1-2: Ball 2-2: Ball 3-2: Foul Ball, location: 2F 3-2: Strikes out swinging
|
Batting: RHB António Cruz
|
0-0: Ball 1-0: Fly out, F6 (Popup, 13)
|
Top of the 3rd over - 0 run(s), 1 hit(s), 1 error(s), 2 left on base; Columbia 0 - Wisconsin Rapids 0 |
BOTTOM OF THE 3RD |
Wisconsin Rapids Rangers batting - Pitching for Columbia 08s : RHP Tim Hill
|
Batting: RHB Vernon Romo
|
0-0: Called Strike 0-1: Ground out 5-3 (Groundball, 56S)
|
Batting: RHB James Jenkins
|
0-0: Called Strike 0-1: Fly out, F7 (Line Drive, 7M)
|
Batting: SHB Ricardo Arévalo
|
0-0: Called Strike 0-1: Ball 1-1: Ball 2-1: Ball 3-1: Base on Balls
|
Batting: RHB Troy Reed
|
0-0: Called Strike 0-1: Called Strike 0-2: Foul Ball, location: 2F 0-2: Ball 1-2: Ball 2-2: Ball 3-2: Base on Balls Ricardo Arévalo to second
|
Batting: LHB Alex Henderson
|
0-0: Ground out 6-3 (Groundball, 6)
|
Bottom of the 3rd over - 0 run(s), 0 hit(s), 0 error(s), 2 left on base; Columbia 0 - Wisconsin Rapids 0 |
TOP OF THE 4TH |
Columbia 08s batting - Pitching for Wisconsin Rapids Rangers : RHP Don Briggs
|
Batting: LHB Colm Massey
|
0-0: Called Strike 0-1: Ball 1-1: Ground out 4-3 (Groundball, 4)
|
Batting: RHB Martín Pérez
|
0-0: SINGLE (Groundball, 56D)
|
Batting: LHB Daniel Carter
|
0-0: Swinging Strike 0-1: Ball 1-1: Swinging Strike 1-2: Strikes out swinging
|
Pitching: RHP Ray Adams
|
|
Batting: RHB Pat Fernández
|
0-0: Called Strike 0-1: Foul Ball, location: 2F 0-2: Ball 1-2: Ball 2-2: 2-RUN HOME RUN (Flyball, 7LD), Distance : 336 ft
|
Batting: SHB William Hamilton
|
0-0: Fly out, F7 (Popup, 7S)
|
Top of the 4th over - 2 run(s), 2 hit(s), 0 error(s), 0 left on base; Columbia 2 - Wisconsin Rapids 0 |
BOTTOM OF THE 4TH |
Wisconsin Rapids Rangers batting - Pitching for Columbia 08s : RHP Tim Hill
|
Batting: SHB José López
|
0-0: Ball 1-0: Foul Ball, location: 2F 1-1: Called Strike 1-2: Foul Ball, location: 2F 1-2: Ball 2-2: SINGLE (Groundball, 34S)
|
Batting: RHB Danny Campbell
|
0-0: Ball 1-0: Fly out, F9 (Flyball, 89S)
|
Batting: RHB John Denton
|
0-0: Ball Throwing error on steal attempt, E2 José López to third 1-0: Swinging Strike 1-1: Foul Ball, location: 2F 1-2: Fly out, F7 (Flyball, 7M) Runner from 3rd tags up, SCORES, no throw
|
Batting: RHB Dick Slagboom
|
0-0: Ball 1-0: Called Strike 1-1: Foul Ball, location: 2F 1-2: Foul Ball, location: 2F 1-2: Fly out, F1 (Line Drive, 13S)
|
Bottom of the 4th over - 1 run(s), 1 hit(s), 1 error(s), 0 left on base; Columbia 2 - Wisconsin Rapids 1 |
TOP OF THE 5TH |
Columbia 08s batting - Pitching for Wisconsin Rapids Rangers : RHP Ray Adams
|
Batting: RHB José Orozco
|
0-0: Ball 1-0: Fly out, F8 (Flyball, 8RS)
|
Batting: RHB Irving Galloway
|
0-0: Ball 1-0: Ball 2-0: DOUBLE (Flyball, 89S)
|
Batting: RHB Ramiro Chávez
|
0-0: Intentional Walk
|
Batting: RHB António Cruz
|
0-0: Swinging Strike 0-1: Ball 1-1: Ball 2-1: Ball 3-1: Base on Balls Irving Galloway to third Ramiro Chávez to second
|
Batting: LHB Colm Massey
|
0-0: Swinging Strike 0-1: Ball 1-1: Foul Ball, location: 2F 1-2: Strikes out swinging
|
Batting: RHB Martín Pérez
|
0-0: Fly out, F3 (Popup, 3DF)
|
Top of the 5th over - 0 run(s), 1 hit(s), 0 error(s), 3 left on base; Columbia 2 - Wisconsin Rapids 1 |
BOTTOM OF THE 5TH |
Wisconsin Rapids Rangers batting - Pitching for Columbia 08s : RHP Tim Hill
|
Batting: RHB Vernon Romo
|
0-0: Ball 1-0: Called Strike 1-1: Ball 2-1: Ground out 5-3 (Groundball, 5)
|
Batting: RHB James Jenkins
|
0-0: Ball 1-0: Ball 2-0: Ball 3-0: Base on Balls
|
Batting: SHB Ricardo Arévalo
|
0-0: Ball James Jenkins steals 2nd base 1-0: Foul Ball, location: 2F 1-1: Foul Ball, location: 2F 1-2: Ball 2-2: Ball 3-2: Base on Balls
|
Batting: RHB Troy Reed
|
0-0: Ball Ricardo Arévalo is caught stealing 2nd base 1-0: Foul Ball, location: 2F 1-1: Foul Ball, location: 2F 1-2: Foul Ball, location: 2F 1-2: Ball Wild Pitch! James Jenkins scores 2-2: Fly out, F8 (Flyball, 8RM)
|
Bottom of the 5th over - 1 run(s), 0 hit(s), 0 error(s), 0 left on base; Columbia 2 - Wisconsin Rapids 2 |
TOP OF THE 6TH |
Columbia 08s batting - Pitching for Wisconsin Rapids Rangers : RHP Ray Adams
|
Batting: LHB Daniel Carter
|
0-0: Ball 1-0: Foul Ball, location: 2F 1-1: Bunt missed! 1-2: Strikes out looking
|
Batting: RHB Pat Fernández
|
0-0: Called Strike 0-1: Ball 1-1: Swinging Strike 1-2: Strikes out swinging
|
Batting: SHB William Hamilton
|
0-0: Called Strike 0-1: Ball 1-1: Foul Ball, location: 2F 1-2: Fly out, F8 (Flyball, 8RM)
|
Top of the 6th over - 0 run(s), 0 hit(s), 0 error(s), 0 left on base; Columbia 2 - Wisconsin Rapids 2 |
BOTTOM OF THE 6TH |
Wisconsin Rapids Rangers batting - Pitching for Columbia 08s : RHP Tim Hill
|
Batting: LHB Alex Henderson
|
0-0: Ball 1-0: Swinging Strike 1-1: Ball 2-1: Foul Ball, location: 2F 2-2: Foul Ball, location: 2F 2-2: Strikes out swinging
|
Batting: SHB José López
|
0-0: Ball 1-0: Called Strike 1-1: Swinging Strike 1-2: Strikes out swinging
|
Batting: RHB Danny Campbell
|
0-0: Ball 1-0: DOUBLE (Line Drive, 7LS)
|
Pitching: LHP Mike Stevens
|
|
Batting: RHB John Denton
|
0-0: Called Strike 0-1: Ground out 1-3 (Groundball, 13S)
|
Bottom of the 6th over - 0 run(s), 1 hit(s), 0 error(s), 1 left on base; Columbia 2 - Wisconsin Rapids 2 |
TOP OF THE 7TH |
Columbia 08s batting - Pitching for Wisconsin Rapids Rangers : RHP Ray Adams
|
Pitching: RHP Chuck Plummer
|
|
Pinch Hitting: RHB Ramón Zamora
|
0-0: Fly out, F9 (Flyball, 9M)
|
Batting: RHB Irving Galloway
|
0-0: Ball 1-0: Fly out, F8 (Flyball, 8LM)
|
Batting: RHB Ramiro Chávez
|
0-0: Ball 1-0: SINGLE (Flyball, 9LM)
|
Batting: RHB António Cruz
|
0-0: Ground out 5-3 (Groundball, 5)
|
Top of the 7th over - 0 run(s), 1 hit(s), 0 error(s), 1 left on base; Columbia 2 - Wisconsin Rapids 2 |
BOTTOM OF THE 7TH |
Wisconsin Rapids Rangers batting - Pitching for Columbia 08s : LHP Mike Stevens
|
Now at 2B: Ramón Zamora
|
|
Batting: RHB Dick Slagboom
|
0-0: Foul Ball, location: 2F 0-1: Called Strike 0-2: Strikes out swinging
|
Batting: RHB Vernon Romo
|
0-0: Ball 1-0: Ball 2-0: Swinging Strike 2-1: Foul Ball, location: 2F 2-2: Strikes out looking
|
Batting: RHB James Jenkins
|
0-0: Ball 1-0: Ball 2-0: Called Strike 2-1: Called Strike 2-2: TRIPLE (Flyball, 8RM)
|
Batting: SHB Ricardo Arévalo
|
0-0: Called Strike 0-1: Ground out 4-3 (Groundball, 13)
|
Bottom of the 7th over - 0 run(s), 1 hit(s), 0 error(s), 1 left on base; Columbia 2 - Wisconsin Rapids 2 |
|
|
TOP OF THE 8TH |
Columbia 08s batting - Pitching for Wisconsin Rapids Rangers : RHP Chuck Plummer
|
Batting: LHB Colm Massey
|
0-0: Fly out, F7 (Popup, 7S)
|
Pinch Hitting: RHB Joel Carlson
|
0-0: Ball 1-0: Called Strike 1-1: Ball 2-1: Foul Ball, location: 2F 2-2: SINGLE (Line Drive, 78S)
|
Batting: LHB Daniel Carter
|
0-0: Ball 1-0: Foul Ball, location: 2F 1-1: Foul Ball, location: 2F 1-2: Foul Ball, location: 2F 1-2: Ball 2-2: Ball 3-2: Base on Balls Joel Carlson to second
|
Batting: RHB Pat Fernández
|
0-0: Called Strike 0-1: Grounds into double play, U5-3 (Groundball, 5L)
|
Top of the 8th over - 0 run(s), 1 hit(s), 0 error(s), 1 left on base; Columbia 2 - Wisconsin Rapids 2 |
BOTTOM OF THE 8TH |
Wisconsin Rapids Rangers batting - Pitching for Columbia 08s : LHP Mike Stevens
|
Pitching: RHP Brad White
|
|
Now at SS: Joel Carlson
|
|
Pinch Hitting: RHB Paul Richard
|
0-0: Ball 1-0: Ball 2-0: Called Strike 2-1: Fly out, F8 (Flyball, 8LS)
|
Pitching: LHP Ed Stevens
|
|
Batting: LHB Alex Henderson
|
0-0: Called Strike 0-1: Ball 1-1: Swinging Strike 1-2: Ground out 4-3 (Groundball, 13)
|
Pitching: RHP Mike Horton
|
|
Batting: SHB José López
|
0-0: Called Strike 0-1: Ball 1-1: Ball 2-1: Swinging Strike 2-2: Fly out, F7 (Popup, 56D)
|
Bottom of the 8th over - 0 run(s), 0 hit(s), 0 error(s), 0 left on base; Columbia 2 - Wisconsin Rapids 2 |
TOP OF THE 9TH |
Columbia 08s batting - Pitching for Wisconsin Rapids Rangers : RHP Chuck Plummer
|
Pitching: RHP Jack Hampton
|
|
Now in CF: Paul Richard
|
|
Batting: SHB William Hamilton
|
0-0: Called Strike 0-1: SINGLE (Flyball, 89S)
|
Batting: RHB Ramón Zamora
|
0-0: Bunted foul 0-1: Sac Bunt - play at first, batter OUT! 5-4 William Hamilton to second
|
Batting: RHB Irving Galloway
|
0-0: Called Strike 0-1: Fly out, F8 (Flyball, 8LM)
|
Batting: RHB Ramiro Chávez
|
0-0: Swinging Strike 0-1: Ball 1-1: Ball 2-1: Ball 3-1: Base on Balls
|
Batting: RHB António Cruz
|
0-0: Ball 1-0: Ball 2-0: Ball 3-0: Called Strike 3-1: Base on Balls William Hamilton to third Ramiro Chávez to second
|
Batting: LHB Colm Massey
|
0-0: Ground out 5-3 (Groundball, 5S)
|
Top of the 9th over - 0 run(s), 1 hit(s), 0 error(s), 3 left on base; Columbia 2 - Wisconsin Rapids 2 |
BOTTOM OF THE 9TH |
Wisconsin Rapids Rangers batting - Pitching for Columbia 08s : RHP Mike Horton
|
Batting: RHB Danny Campbell
|
0-0: DOUBLE (Line Drive, 8LM)
|
Batting: RHB John Denton
|
0-0: Intentional Walk
|
Batting: RHB Dick Slagboom
|
0-0: Ball 1-0: Sac Bunt - play at first, batter OUT! 1-4 Danny Campbell to third John Denton to second
|
Batting: RHB Vernon Romo
|
0-0: Intentional Walk
|
Batting: RHB James Jenkins
|
0-0: Called Strike 0-1: Foul Ball, location: 2F 0-2: Strikes out swinging
|
Batting: SHB Ricardo Arévalo
|
0-0: Ball 1-0: Ball 2-0: Foul Ball, location: 2F 2-1: Foul Ball, location: 2F 2-2: Ball 3-2: Foul Ball, location: 2F 3-2: Fly out, F8 (Flyball, 8LM)
|
Bottom of the 9th over - 0 run(s), 1 hit(s), 0 error(s), 3 left on base; Columbia 2 - Wisconsin Rapids 2 |
TOP OF THE 10TH |
Columbia 08s batting - Pitching for Wisconsin Rapids Rangers : RHP Jack Hampton
|
Batting: RHB Joel Carlson
|
0-0: Ball 1-0: Ball 2-0: Foul Ball, location: 2F 2-1: Foul Ball, location: 2F 2-2: Ground out 6-3 (Groundball, 56)
|
Batting: LHB Daniel Carter
|
0-0: Foul Ball, location: 2F 0-1: Swinging Strike 0-2: Strikes out swinging
|
Batting: RHB Pat Fernández
|
0-0: Called Strike 0-1: Foul Ball, location: 2F 0-2: Ball 1-2: DOUBLE (Flyball, 78D)
|
Batting: SHB William Hamilton
|
0-0: Ball 1-0: Ball 2-0: Called Strike 2-1: SINGLE (Flyball, 89S) Pat Fernández to third Runner from 3rd tries for Home, SAFE, throw made home
|
Batting: RHB Ramón Zamora
|
0-0: Called Strike 0-1: Ball 1-1: Ball 2-1: Swinging Strike 2-2: Strikes out looking
|
Top of the 10th over - 1 run(s), 2 hit(s), 0 error(s), 1 left on base; Columbia 3 - Wisconsin Rapids 2 |
BOTTOM OF THE 10TH |
Wisconsin Rapids Rangers batting - Pitching for Columbia 08s : RHP Mike Horton
|
Pitching: RHP Sancho Mendoza
|
|
Batting: RHB Paul Richard
|
0-0: Ground out 1-3 (Groundball, 13)
|
Batting: LHB Alex Henderson
|
0-0: Swinging Strike 0-1: Called Strike 0-2: Fly out, F6 (Popup, 15)
|
Batting: SHB José López
|
0-0: Ball 1-0: Swinging Strike 1-1: Swinging Strike 1-2: Foul Ball, location: 2F 1-2: Strikes out looking
|
Bottom of the 10th over - 0 run(s), 0 hit(s), 0 error(s), 0 left on base; Columbia 3 - Wisconsin Rapids 2 |
|
|